APP
PULASKI YANKEES @ GREENEVILLE ASTROS
09/09/2099
 
TOP OF THE 1ST
Pulaski Yankees batting - Pitching for Greeneville Astros : RHP Mario Torres
Pitching: RHP Mario Torres
Batting: LHB D.J. Costantino 0-0: SINGLE (Groundball, 6MD, EV 103.8 MPH)
Batting: RHB Justin Dickow 0-0: Foul Ball, location: 2F
0-1: Ball
1-1: Swinging Strike
1-2: Ball
2-2: Strikes out swinging
Batting: RHB Jeff Ramsey 0-0: Called Strike
D.J. Costantino steals 2nd base
0-1: Ball
1-1: Called Strike
1-2: Foul Ball, location: 3DF
1-2: Foul Ball, location: 5F, Error on foul ball, E5
1-2: Ball
Wild Pitch!
D.J. Costantino to third
2-2: Fly out, F7 (Flyball, 7S, EV 88.8 MPH)
Batting: LHB Evan Reichardt 0-0: Fly out, F7 (Flyball, 7LD, EV 98.8 MPH)
Top of the 1st over - 0 runs, 1 hit, 1 error, 1 left on base; Pulaski 0 - Greeneville 0
BOTTOM OF THE 1ST
Greeneville Astros batting - Pitching for Pulaski Yankees : RHP Tim Shea
Pitching: RHP Tim Shea
Batting: RHB Joe Kauppinen 0-0: Ball
1-0: Ball
2-0: Foul Ball, location: 25F
2-1: Fly out, F4 (Popup, 4D, EV 65.0 MPH)
Batting: RHB Anacleto Olsen 0-0: Hit by Pitch
Batting: LHB Ricardo Bocanegra 0-0: Ball
1-0: Ball
2-0: Ball
3-0: Base on Balls
Anacleto Olsen to second
Batting: RHB Jeremy Allen 0-0: Ball
1-0: Ball
2-0: Ball
3-0: Called Strike
3-1: Base on Balls
Anacleto Olsen to third
Ricardo Bocanegra to second
Batting: RHB Mike Martin 0-0: Foul Ball, location: 5FF
0-1: Ball
1-1: Called Strike
1-2: Ball
2-2: Ball
3-2: Fly out, F8 (Line Drive, 8LM, EV 85.0 MPH)
Runner from 3rd tags up, SCORES, throw by CF
Batting: RHB Alejandro Padilla 0-0: Ball
1-0: Called Strike
1-1: Called Strike
1-2: Ball
2-2: Foul Ball, location: 2F
2-2: Ground out 5-3 (Groundball, 56S, EV 83.8 MPH)
Bottom of the 1st over - 1 run, 0 hits, 0 errors, 2 left on base; Pulaski 0 - Greeneville 1
TOP OF THE 2ND
Pulaski Yankees batting - Pitching for Greeneville Astros : RHP Mario Torres
Batting: RHB Keith Bowles 0-0: Ball
1-0: Foul Ball, location: 3FF
1-1: SOLO HOME RUN (Flyball, 89XD, EV 99.4 MPH), Distance : 392 ft
Batting: SHB Cody Randis 0-0: DOUBLE (Line Drive, 89M, EV 99.4 MPH)
Batting: RHB Tim Shea 0-0: Foul Ball, location: 2F
0-1: SINGLE (Line Drive, 8LS, EV 93.8 MPH)
Cody Randis to third
Runner from 3rd tries for Home, SAFE, throw by CF to home
Tim Shea to second
Batting: LHB Martim Berlini 0-0: Fly out, F8 (Flyball, 89D, EV 96.3 MPH)
Runner from 2nd tags up, SAFE at 3rd, no throw by CF
Batting: RHB Dustin Munoz 0-0: Ball
1-0: Swinging Strike
1-1: Ball
2-1: Swinging Strike
2-2: Strikes out looking
Batting: LHB D.J. Costantino 0-0: Called Strike
0-1: DOUBLE (Flyball, 8LXD, EV 112.5 MPH)
Tim Shea scores
Batting: RHB Justin Dickow 0-0: Called Strike
0-1: Foul Ball, location: 9LMF
0-2: Ball
1-2: Foul Ball, location: 3DF
1-2: Strikes out swinging
Top of the 2nd over - 3 runs, 4 hits, 0 errors, 1 left on base; Pulaski 3 - Greeneville 1
BOTTOM OF THE 2ND
Greeneville Astros batting - Pitching for Pulaski Yankees : RHP Tim Shea
Batting: LHB Wilfredo Ferrer 0-0: Called Strike
0-1: Ball
1-1: Foul Ball, location: 23FF
1-2: Ball
2-2: Foul Ball, location: 2F
2-2: Ball
3-2: Foul Ball, location: 5F
3-2: Base on Balls
Batting: RHB Robby Figueroa 0-0: Ball
1-0: Called Strike
1-1: Ball
2-1: DOUBLE (Flyball, 8RXD, EV 103.8 MPH)
Wilfredo Ferrer to third
Runner from 3rd tries for Home, SAFE, throw by CF to home
Batting: RHB Jon Woods 0-0: Called Strike
0-1: SINGLE (Groundball, 6MD, EV 97.5 MPH)
Robby Figueroa to third
Runner from 3rd tries for Home, SAFE, throw by CF to home
Jon Woods to second
Batting: RHB Joe Kauppinen 0-0: Ball
1-0: Ball
2-0: Foul Ball, location: 9LMF
2-1: 2-RUN HOME RUN (Line Drive, 7LD, EV 107.5 MPH), Distance : 397 ft
Batting: RHB Anacleto Olsen 0-0: Fly out, F8 (Line Drive, 8LM, EV 85.6 MPH)
Batting: LHB Ricardo Bocanegra 0-0: Foul Ball, location: 23F
0-1: Ball
1-1: Foul Ball, location: 7LMF
1-2: Fly out, F6 (Popup, 6, EV 73.8 MPH)
Batting: RHB Jeremy Allen 0-0: Foul Ball, location: 3SF
0-1: Ball
1-1: Ball
2-1: Fly out, F9 (Line Drive, 9, EV 90.6 MPH)
Bottom of the 2nd over - 4 runs, 3 hits, 0 errors, 0 left on base; Pulaski 3 - Greeneville 5
TOP OF THE 3RD
Pulaski Yankees batting - Pitching for Greeneville Astros : RHP Mario Torres
Batting: RHB Jeff Ramsey 0-0: Ground out 6-3 (Groundball, 6, EV 106.9 MPH)
Batting: LHB Evan Reichardt 0-0: Swinging Strike
0-1: Ball
1-1: Called Strike
1-2: Strikes out swinging
Batting: RHB Keith Bowles 0-0: Ball
1-0: Called Strike
1-1: Swinging Strike
1-2: Ball
2-2: Strikes out swinging
Top of the 3rd over - 0 runs, 0 hits, 0 errors, 0 left on base; Pulaski 3 - Greeneville 5
BOTTOM OF THE 3RD
Greeneville Astros batting - Pitching for Pulaski Yankees : RHP Tim Shea
Pitching: RHP Jim Unknown
Batting: RHB Mike Martin 0-0: Called Strike
0-1: Ball
1-1: Ball
2-1: Ball
3-1: DOUBLE (Line Drive, 8LXD, EV 106.3 MPH)
Batting: RHB Alejandro Padilla 0-0: Ball
1-0: Fly out, F8 (Flyball, 8LD, EV 101.3 MPH)
Runner from 2nd tags up, SAFE at 3rd with throw by CF
Batting: LHB Wilfredo Ferrer 0-0: Ball
1-0: SINGLE (Groundball, 56D, EV 98.8 MPH)
Mike Martin scores
Batting: RHB Robby Figueroa 0-0: Ball
1-0: Ball
2-0: Fly out, F9 (Flyball, 89S, EV 85.0 MPH)
Batting: RHB Jon Woods 0-0: Swinging Strike
0-1: Ball
1-1: Foul Ball, location: 25F
1-2: Strikes out swinging
Bottom of the 3rd over - 1 run, 2 hits, 0 errors, 1 left on base; Pulaski 3 - Greeneville 6
TOP OF THE 4TH
Pulaski Yankees batting - Pitching for Greeneville Astros : RHP Mario Torres
Batting: SHB Cody Randis 0-0: DOUBLE (Line Drive, 9LM, EV 100.0 MPH)
Batting: RHB Tim Shea 0-0: Called Strike
0-1: Ball
1-1: Foul Ball, location: 2F
1-2: Foul Ball, location: 9LDF
1-2: Strikes out swinging, 2-3 out at first.
Batting: LHB Martim Berlini 0-0: Ball
1-0: Fly out, F9 (Flyball, 89XD, EV 82.5 MPH)
Runner from 2nd tags up, SAFE at 3rd, no throw by RF
Batting: RHB Dustin Munoz 0-0: Ball
1-0: Ball
2-0: Ball
3-0: Called Strike
3-1: Called Strike
3-2: Strikes out swinging
Top of the 4th over - 0 runs, 1 hit, 0 errors, 1 left on base; Pulaski 3 - Greeneville 6
BOTTOM OF THE 4TH
Greeneville Astros batting - Pitching for Pulaski Yankees : RHP Jim Unknown
Batting: RHB Joe Kauppinen 0-0: Ball
1-0: Called Strike
1-1: Swinging Strike
1-2: Foul Ball, location: 5FF
1-2: Strikes out swinging
Batting: RHB Anacleto Olsen 0-0: Ball
1-0: Called Strike
1-1: Ball
2-1: Foul Ball, location: 9LDF
2-2: SINGLE (Groundball, 4MD, EV 104.4 MPH)
Batting: LHB Ricardo Bocanegra 0-0: Fly out, F7 (Flyball, 7S, EV 88.1 MPH)
Batting: RHB Jeremy Allen 0-0: Called Strike
0-1: Ball
1-1: Ball
2-1: Ball
3-1: Swinging Strike
3-2: Fly out, F5 (Popup, 5L, EV 60.6 MPH)
Bottom of the 4th over - 0 runs, 1 hit, 0 errors, 1 left on base; Pulaski 3 - Greeneville 6
TOP OF THE 5TH
Pulaski Yankees batting - Pitching for Greeneville Astros : RHP Mario Torres
Batting: LHB D.J. Costantino 0-0: Ball
1-0: Swinging Strike
1-1: DOUBLE (Line Drive, 7LS, EV 104.4 MPH)
Batting: RHB Justin Dickow 0-0: Ball
1-0: Ball
2-0: Called Strike
2-1: Foul Ball, location: 2LF
2-2: Ball
3-2: Base on Balls
Batting: RHB Jeff Ramsey 0-0: Called Strike
D.J. Costantino is caught stealing 3rd base 2-5
0-1: Ball
1-1: Called Strike
1-2: Strikes out swinging
Batting: LHB Evan Reichardt 0-0: Ball
1-0: Foul Ball, location: 7LMF
1-1: Swinging Strike
1-2: Foul Ball, location: 23F
1-2: Foul Ball, location: 2F
1-2: Ball
2-2: Ball
3-2: Base on Balls
Justin Dickow to second
Pitching: RHP Juan Chavolla
Pinch Hitting: LHB Steve Luna 0-0: Called Strike
0-1: Called Strike
0-2: Strikes out swinging
Top of the 5th over - 0 runs, 1 hit, 0 errors, 2 left on base; Pulaski 3 - Greeneville 6
BOTTOM OF THE 5TH
Greeneville Astros batting - Pitching for Pulaski Yankees : RHP Jim Unknown
Now at 2B: Steve Luna
Batting: RHB Mike Martin 0-0: Ball
1-0: Ball
2-0: Ball
3-0: Called Strike
3-1: Reached on error, E6 (Groundball, 6, EV 85.6 MPH)
Batting: RHB Alejandro Padilla 0-0: Swinging Strike
0-1: Ball
1-1: Ball
2-1: Called Strike
2-2: Ball
3-2: Base on Balls
Mike Martin to second
Pitching: RHP Jim Unknown
Batting: LHB Wilfredo Ferrer 0-0: Ball
1-0: Ball
2-0: Fly out, F7 (Flyball, 7LM, EV 92.5 MPH)
Batting: RHB Robby Figueroa 0-0: Swinging Strike
0-1: Swinging Strike
0-2: SINGLE (Line Drive, 7LS, EV 95.0 MPH)
Mike Martin to third
Alejandro Padilla to second
Batting: RHB Jon Woods 0-0: Ball
1-0: Called Strike
1-1: Foul Ball, location: 2F
1-2: Ball
2-2: Ball
3-2: Foul Ball, location: 5DF
3-2: Foul Ball, location: 5SF
3-2: Foul Ball, location: 2F
3-2: Foul Ball, location: 25F
3-2: Hit by Pitch
Mike Martin scores
Alejandro Padilla to third
Robby Figueroa to second
Batting: RHB Joe Kauppinen 0-0: Ball
1-0: GRAND SLAM HOME RUN (Flyball, 9D, EV 96.9 MPH), Distance : 363 ft
Batting: RHB Anacleto Olsen 0-0: Ground out 4-3 (Groundball, 4, EV 98.8 MPH)
Batting: LHB Ricardo Bocanegra 0-0: Foul Ball, location: 9LDF
0-1: Ball
1-1: SOLO HOME RUN (Flyball, 9D, EV 91.3 MPH), Distance : 351 ft
Pitching: RHP Jim Unknown
Batting: RHB Jeremy Allen 0-0: Ball
1-0: Foul Ball, location: 2F
1-1: Swinging Strike
1-2: Ball
2-2: SINGLE (Groundball, 6, EV 102.5 MPH)
Batting: RHB Mike Martin 0-0: Foul Ball, location: 5SF
0-1: Swinging Strike
0-2: Ball
1-2: SINGLE (Line Drive, 34D, EV 62.5 MPH)
Jeremy Allen to second
Runner from 2nd tries for 3rd, SAFE, no throw by RF
Batting: RHB Alejandro Padilla 0-0: Swinging Strike
0-1: Ball
1-1: SINGLE (Line Drive, 3D, EV 98.1 MPH)
Jeremy Allen scores
Mike Martin to second
Runner from 2nd tries for 3rd, SAFE, no throw by RF
Batting: LHB Wilfredo Ferrer 0-0: Fly out, F8 (Flyball, 8RXD, EV 99.4 MPH)
Bottom of the 5th over - 7 runs, 6 hits, 1 error, 2 left on base; Pulaski 3 - Greeneville 13
TOP OF THE 6TH
Pulaski Yankees batting - Pitching for Greeneville Astros : RHP Juan Chavolla
Batting: SHB Cody Randis 0-0: Called Strike
0-1: Foul Ball, location: 7LSF
0-2: Ground out 5-3 (Groundball, 56S, EV 85.0 MPH)
Batting: RHB Victor Perches 0-0: Called Strike
0-1: Foul Ball, location: 7LMF
0-2: Foul Ball, location: 5F
0-2: Ball
1-2: Ground out 5-3 (Groundball, 56, EV 85.0 MPH)
Batting: LHB Martim Berlini 0-0: Ball
1-0: Fly out, F6 (Popup, 6D, EV 53.8 MPH)
Top of the 6th over - 0 runs, 0 hits, 0 errors, 0 left on base; Pulaski 3 - Greeneville 13
BOTTOM OF THE 6TH
Greeneville Astros batting - Pitching for Pulaski Yankees : RHP Jim Unknown
Batting: RHB Robby Figueroa 0-0: Ball
1-0: Foul Ball, location: 2F
1-1: Ground out 5-3 (Groundball, 56, EV 85.0 MPH)
Batting: RHB Jon Woods 0-0: Foul Ball, location: 9LDF
0-1: Ground out 3-1 (Groundball, 34, EV 78.1 MPH)
Batting: RHB Joe Kauppinen 0-0: Foul Ball, location: 2F
0-1: Swinging Strike
0-2: DOUBLE (Flyball, 8RXD, EV 110.6 MPH)
Batting: RHB Anacleto Olsen 0-0: Called Strike
0-1: Fly out, F7 (Line Drive, 78S, EV 90.6 MPH)
Bottom of the 6th over - 0 runs, 1 hit, 0 errors, 1 left on base; Pulaski 3 - Greeneville 13
TOP OF THE 7TH
Pulaski Yankees batting - Pitching for Greeneville Astros : RHP Juan Chavolla
Batting: RHB Dustin Munoz 0-0: Ball
1-0: Called Strike
1-1: Called Strike
1-2: Ball
2-2: Foul Ball, location: 2F
2-2: SINGLE (Groundball, 6MD, EV 101.9 MPH)
Batting: LHB D.J. Costantino 0-0: Called Strike
0-1: Called Strike
0-2: Strikes out swinging
Pinch Hitting: SHB Jim Unknown 0-0: Ball
1-0: Ball
2-0: Called Strike
2-1: Grounds into double play, 3-6-3 (Groundball, 3, EV 81.3 MPH)
Top of the 7th over - 0 runs, 1 hit, 0 errors, 0 left on base; Pulaski 3 - Greeneville 13
BOTTOM OF THE 7TH
Greeneville Astros batting - Pitching for Pulaski Yankees : RHP Jim Unknown
Now at 1B: Jim Unknown
Pinch Hitting: LHB Mario Garrido 0-0: Ball
1-0: Fly out, F9 (Flyball, 9LD, EV 101.3 MPH)
Pinch Hitting: RHB Bill Sutherland 0-0: Ground out 5-3 (Groundball, 56S, EV 85.6 MPH)
Pinch Hitting: RHB George Unsworth 0-0: Ball
1-0: Ball
2-0: Fly out, F9 (Flyball, 9D, EV 96.3 MPH)
Bottom of the 7th over - 0 runs, 0 hits, 0 errors, 0 left on base; Pulaski 3 - Greeneville 13
TOP OF THE 8TH
Pulaski Yankees batting - Pitching for Greeneville Astros : RHP Juan Chavolla
Now at 1B: Diego Ortega
Now at 3B: Bill Sutherland
Now in LF: Wilson Ojeda
Batting: RHB Jeff Ramsey 0-0: Ball
1-0: Fly out, F8 (Flyball, 78S, EV 80.0 MPH)
Pinch Hitting: SHB Cruz Almeda 0-0: Fly out, F9 (Line Drive, 9, EV 93.1 MPH)
Batting: LHB Steve Luna 0-0: Ball
1-0: Ball
2-0: Ball
3-0: Called Strike
3-1: Called Strike
3-2: Ground out U3 (Groundball, 34, EV 86.9 MPH)
Top of the 8th over - 0 runs, 0 hits, 0 errors, 0 left on base; Pulaski 3 - Greeneville 13
BOTTOM OF THE 8TH
Greeneville Astros batting - Pitching for Pulaski Yankees : RHP Jim Unknown
Now in RF: Cruz Almeda
Pinch Hitting: RHB Mike Matt 0-0: Fly out, F9 (Flyball, 89M, EV 87.5 MPH)
Batting: LHB Wilfredo Ferrer 0-0: SINGLE (Line Drive, 5D, EV 100.0 MPH)
Batting: RHB Robby Figueroa 0-0: Called Strike
0-1: Ball
1-1: Swinging Strike
1-2: Strikes out swinging
Batting: RHB Jon Woods 0-0: Called Strike
0-1: Ball
1-1: Swinging Strike
1-2: Ball
2-2: Foul Ball, location: 9LMF
2-2: Ball
3-2: Base on Balls
Wilfredo Ferrer to second
Pinch Hitting: RHB Joey Morgan 0-0: Ball
1-0: Foul Ball, location: 7LMF
1-1: Fly out, F7 (Flyball, 7, EV 86.9 MPH)
Bottom of the 8th over - 0 runs, 1 hit, 0 errors, 2 left on base; Pulaski 3 - Greeneville 13
TOP OF THE 9TH
Pulaski Yankees batting - Pitching for Greeneville Astros : RHP Juan Chavolla
Now at 2B: Mike Matt
Now at SS: Jimmy McCoy
Pinch Hitting: LHB Adam Jordan 0-0: Ball
1-0: Called Strike
1-1: Ball
2-1: Called Strike
2-2: Foul Ball, location: 5SF
2-2: Ball
3-2: Ground out U3 (Groundball, 34S, EV 88.8 MPH)
Batting: RHB Manny Frausto 0-0: Foul Ball, location: 2F
0-1: Called Strike
0-2: Ball
1-2: SOLO HOME RUN (Flyball, 8RXD, EV 108.1 MPH), Distance : 447 ft
Pinch Hitting: SHB Jonah Holden 0-0: Swinging Strike
0-1: Called Strike
0-2: Strikes out swinging
Pinch Hitting: LHB Jesus Rosabal 0-0: Called Strike
0-1: Foul Ball, location: 3DF
0-2: Foul Ball, location: 2F
0-2: Ball
1-2: Strikes out looking
Top of the 9th over - 1 run, 1 hit, 0 errors, 0 left on base; Pulaski 4 - Greeneville 13
Wednesday, May 15th , 2024 - OOTP Baseball 24.11 Build 85